 Dungeon Crawl Stone Soup version 0.16-a0-4008-gc88e425 (console) character file.

158319 Monkaria the Fencer (level 17, -2/234 HPs)
             Began as a Minotaur Chaos Knight on Feb 16, 2015.
             Slain by an emperor scorpion (6 damage)
             ... on level 5 of the Spider Nest.
             The game lasted 02:36:50 (34016 turns).

Monkaria the Fencer (Minotaur Chaos Knight)        Turns: 34016, Time: 02:36:50

Health: -2/234     AC: 28    Str: 23 (24) XL:     17   Next: 14%
Magic:  0/19       EV:  2    Int:  4 (5)  God:    Xom [....*.]
Gold:   2919       SH:  0    Dex: 14      Spells: 0 memorised, 16 levels left

rFire  . . .     SeeInvis +     a - +7 triple sword (flame)
rCold  . . .     Clarity  .     V - melded +9 plate armour {rC+}
rNeg   + + +     SustAb   .     (no shield)
rPois  +         Gourm    .     d - melded +1 hat
rElec  .         Spirit   .     v - melded +2 cloak {rC+}
rCorr  .         Warding  .     C - melded +2 pair of gloves {Dex+3}
rMut   .         NoTele   +     t - melded +0 pair of boots
MR     ++...                    x - amulet of regeneration
Stlth  +.........               i - ring of poison resistance
                                K - ring "Kloruyxt" {MR+ Str+2 Int-4 Dex+3 SInv}

@: tree-form, very resistant to hostile enchantments, very unstealthy
A: (retaliatory headbutt), (claws 0), (hooves 0), (horns 0), rough black scales
1, (yellow scales 0), blurry vision 1, (fire resistance 0), low mp 1, sense
surroundings 2, (electricity resistance)
a: Renounce Religion


You were on level 5 of the Spider Nest.
You worshipped Xom.
You were a beloved toy of Xom.
You were not hungry.
You were a tree.
You visited 5 branches of the dungeon, and saw 29 of its levels.
You visited the Abyss 1 time.
You also visited: Ice Cave.

You collected 3497 gold pieces.
You spent 578 gold pieces at shops.

Inventory:

Hand weapons
 a - a +7 triple sword of flaming (weapon)
 F - a +6 blowgun
Missiles
 w - 21 curare-tipped needles
 O - 47 poisoned needles
 Z - 3 tomahawks of returning (quivered)
Armour
 d - a +1 hat (melded)
 t - a +0 pair of boots (melded)
 v - a +2 cloak of cold resistance (melded)
 C - a +2 pair of gloves of dexterity (melded)
 V - a +9 plate armour of cold resistance (melded)
Rods
 T - a +2 rod of inaccuracy (11/11)
   (Xom gifted it to you on level 3 of the Spider Nest)
Jewellery
 i - a ring of poison resistance (right branch)
 l - an uncursed amulet of warding
 x - an amulet of regeneration (around neck)
 K - the ring "Kloruyxt" (left branch) {MR+ Str+2 Int-4 Dex+3 SInv}
   (You found it on level 6 of the Dungeon)

   [ring of strength]

   It affects your strength (+2).
   It affects your intelligence (-4).
   It affects your dexterity (+3).
   It affects your resistance to hostile enchantments.
   It enhances your eyesight.
Magical devices
 f - a wand of lightning (4)
 h - a wand of teleportation (3)
 k - a wand of draining (7)
 B - a wand of draining (4)
 E - a wand of fireball (8)
 N - a wand of disintegration (17)
Scrolls
 e - a scroll of recharging
 g - a scroll of blinking
 j - 2 scrolls of magic mapping
 G - 4 scrolls of remove curse
 S - a scroll of fear
 W - a scroll of fog
 Y - a scroll of teleportation
Potions
 b - a potion of curing
 o - 6 potions of might
 p - a potion of invisibility
 s - 4 potions of agility
 u - 2 potions of berserk rage
 z - a potion of resistance
 A - a potion of lignification
 D - a potion of haste
Books
 r - a book of Fire

   Spells                             Type                      Level
   a - Ignite Poison                  Fire/Transmutation           5
   b - Fireball                       Conjuration/Fire             5
   c - Bolt of Fire                   Conjuration/Fire             6
   d - Delayed Fireball               Conjuration/Fire             7
   e - Ring of Flames                 Charms/Fire                  7
Miscellaneous
 I - a lamp of fire (inert)
Comestibles
 c - 18 bread rations
 m - 5 poisonous chunks of flesh
 n - 4 fruits


   Skills:
 - Level 15.0 Fighting
 + Level 18.6 Long Blades
 - Level 9.0 Throwing
 - Level 18.1 Armour
 - Level 15.0 Dodging
 - Level 7.0 Evocations


You had 16 spell levels left.
You didn't know any spells.

Dungeon Overview and Level Annotations

Branches:
Dungeon (11/15)            Temple (1/1) D:6            Lair (8/8) D:11
  Swamp (0/5) Lair:3       Spider (5/5) Lair:3        Slime (0/6) Lair:7
    Orc (4/4) D:9             Elf (0/3) Orc:3

Altars:
Ashenzari
Cheibriados
Dithmenos
Elyvilon
Fedhas
Gozag
Kikubaaqudgha
Makhleb
Nemelex Xobeh
Okawaru
Qazlal
Ru
Sif Muna
Trog
Vehumet
Xom
Yredelemnul
Zin
The Shining One
Beogh
Jiyva

Shops:
D:5 [   D:6 :!:?   D:8 *   Orc:2 %   Orc:4 ([}[!


Innate Abilities, Weirdness & Mutations

((You reflexively headbutt those who attack you in melee.))
((You have a pair of horns on your head.))
((You have sharp fingernails.))
((You have large cloven feet.))
(You are partially covered in rough black scales (AC +4, Dex -1).)
((You are partially covered in yellow scales (AC +2).))
Scrolls take you a little longer to read.
((Your flesh is heat resistant.))
Your magical capacity is low (-10% MP).
You passively map the area around you.
((You are resistant to electric shocks.))


Message History

* * * LOW HITPOINT WARNING * * *
The emperor scorpion claws you but does no damage. x2
The emperor scorpion stings you.
* * * LOW HITPOINT WARNING * * *
You are lethally poisoned!
The emperor scorpion poisons you!
The emperor scorpion claws you but does no damage. x2
The tarantella bites you but does no damage.
The ghost moth stares at you.
Drink which item? (? for menu, Esc to quit)
You feel better.
The tarantella bites you but does no damage.
The emperor scorpion stings you.
* * * LOW HITPOINT WARNING * * *
The emperor scorpion claws you but does no damage.
The emperor scorpion claws you.
* * * LOW HITPOINT WARNING * * *
The emperor scorpion stings you.
You die...
Xom bursts into laughter!

.^^...≈≈≈≈≈≈≈≈≈≈≈..........^#
..#^≈≈≈≈≈≈≈≈≈≈≈≈≈≈.........##
..#≈≈≈≈≈≈≈≈≈≈≈≈≈≈≈≈^†......#
..^≈≈≈≈≈≈######≈≈≈≈≈...^...#
...≈≈≈≈###≈.^^##≈≈≈≈.....#.##
#..≈≈≈≈##....^^##≈≈≈.^...^#^#
...≈≈≈##^...^.≈≈#≈≈≈.....^^#*
...≈≈≈#.≈..φ^†.s#≈^^#^.#...##
..^≈≈≈##..!!#.ys♣.≈≈^≈^..^..#
...≈≈≈≈#.≈.!...s#≈#^≈#....#^#
..^≈≈≈≈##...s.^≈#≈≈≈≈[...#.^#
..^≈≈≈≈≈##...^^##≈≈≈.......##
^...≈≈≈≈≈#.#^###≈≈≈≈.^..#^.#
....≈≈≈≈≈######≈≈≈≈≈#......#
#...^≈≈≈≈≈≈≈≈≈≈≈≈≈≈≈.......##
^#.#..≈≈≈≈≈≈≈≈≈≈≈≈.......#.^#
#[...#.≈≈≈≈≈≈≈≈≈≈≈^........≈#


You could see 3 emperor scorpions, a ghost moth (invisible) and a tarantella.

Vanquished Creatures
  Arachne (Spider:2)
  Rupert (Lair:3)
  4 tentacled starspawn (Abyss:1)
  7 ghost moths
  3 emperor scorpions
  A ghoul (Abyss:1)
  A very ugly thing (Abyss:1)
  The ghost of hornqvist the Bludgeoner, a powerful GrFi of Cheibriados (Lair:7)
  The ghost of jazmu the Fighter, a powerful DsBe of Trog (Lair:4)
  Snorg (Orc:1)
  A green death (Abyss:1)
  The ghost of runewalsh the Frost Mage, a powerful OpIE of Vehumet (Lair:5)
  The ghost of hornqvist the Severer, a powerful FoFi of Qazlal (Lair:4)
  Fannar (Lair:7)
  A great orb of eyes (Abyss:1)
  Nessos (Orc:3)
  6 hydras
  An alligator (D:10)
  Erica (Lair:2)
  3 death yaks
  4 thrashing horrors (Abyss:1)
  3 orc high priests (Orc:4)
  Nergalle (Lair:1)
  2 wretched stars (Abyss:1)
  2 sun demons
  A catoblepas (Lair:5)
  4 ice devils
  2 spatial maelstroms (Abyss:1)
  A shadow wraith (Abyss:1)
  A sea snake (Spider:5)
  A giant orange brain (Abyss:1)
  2 ice statues (IceCv)
  4 orc knights (Orc:4)
  2 hill giants (D:11)
  16 orb spiders
  21 wolf spiders
  2 griffons
  4 orc sorcerers (Orc:4)
  5 moths of wrath
  2 worldbinders (Abyss:1)
  4 hornets
  A siren (Lair:5)
  A fire giant skeleton (Abyss:1)
  4 elephants (Lair:6)
  A guardian serpent (Abyss:1)
  A sixfirhy (Orc:4)
  An apocalypse crab (Abyss:1)
  A molten gargoyle (Lair:2)
  2 orange demons (Abyss:1)
  A gargoyle (D:11)
  10 spiny frogs
  3 centaur skeletons
  A naga mage (Abyss:1)
  A black mamba (Lair:7)
  2 torpor snails
  A kobold demonologist (Abyss:1)
  A yaktaur (Spider:5)
  3 smoke demons (Abyss:1)
  3 komodo dragons
  16 demonic crawlers
  A freezing wraith (Abyss:1)
  3 hellwings (Abyss:1)
  A fire drake (Lair:3)
  4 giant leeches
  3 ancient zymes (Abyss:1)
  Sonja (Spider:1)
  3 polar bears
  30 blink frogs
  11 raiju (Abyss:1)
  20 jumping spiders
  A raven (Lair:1)
  A fire vortex (Lair:2)
  4 blue devils (IceCv)
  7 flying skulls (Abyss:1)
  41 yaks
  A basilisk (Lair:2)
  13 trapdoor spiders
  2 deep elf magi (D:9)
  2 wraiths (Abyss:1)
  A spriggan (Lair:5)
  A fire bat (Abyss:1)
  4 shadows
  74 redbacks
  18 tarantellas
  A fire elemental (Lair:2)
  9 hippogriffs
  3 ynoxinuls (Abyss:1)
  A wyvern (Lair:2)
  8 neqoxecs
  4 swamp worms
  A chaos spawn (Abyss:1)
  6 large abominations (Abyss:1)
  6 vampire mosquitoes (Lair:8)
  13 wolves
  11 water moccasins
  A warg (D:9)
  A soldier ant (D:11)
  6 hell hounds (Abyss:1)
  5 insubstantial wisps (Abyss:1)
  2 nagas (Abyss:1)
  An eye of draining (Abyss:1)
  8 porcupines
  16 ice beasts
  26 spiders
  A snapping turtle zombie (Abyss:1)
  3 starcursed masses (Abyss:1)
  2 wasps
  3 phantoms
  8 ogres
  24 orc warriors
  A sky beast (D:7)
  2 black bears
  4 orc zombies (Orc:4)
  5 crocodiles
  6 centaurs
  A boring beetle (Lair:7)
  A big kobold (D:9)
  A gnoll sergeant (D:3)
  A brain worm (Lair:1)
  21 giant frogs
  A wyvern skeleton (D:10)
  7 scorpions
  13 killer bees
  13 small abominations
  10 electric eels
  2 goliath beetles
  2 quasits
  A crimson imp (Abyss:1)
  2 jellies (D:11)
  A gnoll shaman (D:3)
  28 orc priests
  33 orc wizards
  A centaur zombie (D:8)
  11 hounds
  2 iron imps (Abyss:1)
  2 giant frog skeletons
  2 iguanas
  A hell rat (D:6)
  8 worker ants
  26 sheep (Lair:7)
  A hound zombie (D:8)
  A worker ant zombie (D:6)
  40 gnolls
  24 adders
  58 river rats
  5 giant mites
  6 shadow imps
  11 white imps
  14 worms
  13 ufetubi
  3 oozes
  6 giant geckos
  153 orcs
  A ball python (D:2)
  12 bats
  A bat zombie (D:5)
  7 giant cockroaches
  27 hobgoblins
  24 jackals
  20 kobolds
  5 quokkas
  A giant cockroach zombie (D:5)
  A giant gecko skeleton (D:8)
  3 giant newts
  A giant spore (D:6)
  17 goblins
  A jackal skeleton (D:4)
  2 quokka skeletons (D:4)
  33 rats
  A spectral orc (Lair:1)
  A ballistomycete (D:6)
  3 fungi
  3 starspawn tentacles (Abyss:1)
1301 creatures vanquished.

Vanquished Creatures (collateral kills)
  2 death yaks
  A hill giant (D:11)
  A wolf spider (Spider:5)
  2 orb spiders (Spider:5)
  The ghost of hornqvist the Basher, an experienced GrFi (D:5)
  A spiny frog (Lair:8)
  A blink frog (D:11)
  A tarantella (Spider:1)
  A wyvern (D:11)
  A hippogriff (D:11)
  2 wolves
  An ogre (D:11)
  3 giant frogs (D:11)
  An electric eel (D:10)
  A worker ant (D:11)
  An adder (D:11)
  4 shadow imps
  A white imp (Spider:2)
  4 orcs
  A hobgoblin (D:11)
  A giant newt (D:2)
  A giant spore (D:11)
  A goblin (D:5)
  A kobold (Abyss:1)
  A ballistomycete (D:11)
36 creatures vanquished.

Vanquished Creatures (others)
  A profane servitor (Abyss:1)
  An unseen horror (D:11)
  2 spiny frogs
  2 fire elementals
  A vampire mosquito (Lair:8)
  A large abomination (Spider:5)
  A killer bee (D:11)
  An electric eel (D:10)
  2 crimson imps
  11 quasits
  An orc priest (Orc:4)
  6 iron imps
  An orc wizard (Orc:4)
  7 shadow imps
  A river rat (Lair:8)
  3 white imps
  A worm (Lair:1)
  11 ufetubi
  A rat zombie (D:6)
  3 fungi
  5 plants
  11 starspawn tentacles (Abyss:1)
  59 starspawn tentacle segments (Abyss:1)
133 creatures vanquished.

Grand Total: 1470 creatures vanquished

Notes
Turn   | Place    | Note
--------------------------------------------------------------
     0 | D:1      | Monkaria, the Minotaur Chaos Knight, began the quest for the Orb.
     0 | D:1      | Reached XP level 1. HP: 19/19 MP: 1/1
    60 | D:1      | Reached skill level 4 in Fighting
    81 | D:1      | Reached XP level 2. HP: 21/27 MP: 1/1
   276 | D:1      | XOM: harmless Fire miscast
   518 | D:1      | Reached XP level 3. HP: 33/33 MP: 2/2
   711 | D:1      | Reached skill level 5 in Long Blades
   858 | D:2      | Reached XP level 4. HP: 12/40 MP: 2/2
   861 | D:2      | XOM: divination: detect creatures
  1114 | D:2      | Reached skill level 6 in Long Blades
  1175 | D:2      | Noticed an air elemental
  1423 | D:2      | Found a stormy altar of Qazlal.
  1429 | D:2      | Noticed an earth elemental
  1431 | D:2      | Noticed a water elemental
  1431 | D:2      | Noticed a fire elemental
  1436 | D:2      | XOM: silly message
  1450 | D:2      | Reached XP level 5. HP: 46/46 MP: 2/2
  1561 | D:2      | XOM: harmless Pois miscast
  1588 | D:2      | XOM: divination: detect items
  1796 | D:2      | XOM: vitrification
  1878 | D:2      | XOM: give mutations
  1878 | D:2      | Gained mutation: You have large cloven feet. [Xom's grace]
  1878 | D:2      | Gained mutation: You evolve. [Xom's grace]
  1878 | D:2      | Gained mutation: You are partially covered in yellow scales (AC +2). [Xom's grace]
  1878 | D:2      | Gained mutation: You can spit poison. [Xom's grace]
  1937 | D:3      | XOM: 1-stop teleportation journey
  1982 | D:3      | XOM: scenery: 7 doors open, 1 doors close
  2041 | D:3      | XOM: vitrification
  2255 | D:3      | XOM: 1-stop teleportation journey
  2300 | D:3      | Reached skill level 5 in Armour
  2435 | D:3      | XOM: enchant monster (good)
  2458 | D:3      | Reached XP level 6. HP: 39/53 MP: 3/3
  2493 | D:3      | Found a white marble altar of Elyvilon.
  2506 | D:3      | Reached skill level 5 in Fighting
  2514 | D:3      | XOM: harmless Conj miscast
  2615 | D:3      | XOM: 8-stop teleportation journey
  2735 | D:3      | XOM: medium Necr miscast
  2736 | D:3      | Noticed a shadow
  2736 | D:3      | Noticed a shadow
  2753 | D:3      | Killed a shadow
  2896 | D:3      | XOM: swap weapons
  3070 | D:3      | XOM: silly message
  3091 | D:3      | XOM: cast spell 'Summon Butterflies'
  3109 | D:3      | Reached XP level 7. HP: 20/64 MP: 3/3
  3133 | D:3      | XOM: vitrification
  3201 | D:2      | XOM: god gift: engraved book {god gift}
  3202 | D:2      | Identified Xom's Grimoire of Submission (Xom gifted it to you on level 2 of the Dungeon)
  3403 | D:2      | XOM: divination: detect creatures
  3489 | D:3      | XOM: divination: magic mapping
  3505 | D:3      | Reached skill level 7 in Fighting
  3526 | D:3      | XOM: confuse monster(s)
  3550 | D:3      | XOM: medium Necr miscast
  3551 | D:3      | Noticed a shadow
  3551 | D:3      | Noticed a shadow
  3556 | D:3      | Killed a shadow
  3576 | D:3      | XOM: scenery: 3 doors close
  3655 | D:3      | XOM: scenery: 3 doors open
  3884 | D:3      | Found a basalt altar of Yredelemnul.
  3884 | D:3      | Found a glowing golden altar of the Shining One.
  3885 | D:3      | Noticed a profane servitor
  3925 | D:3      | Noticed an angel
  3975 | D:3      | XOM: harmless Fire miscast
  4042 | D:3      | XOM: harmless Conj miscast
  4241 | D:4      | XOM: mild Chrm miscast
  4566 | D:4      | Reached skill level 8 in Long Blades
  4593 | D:4      | XOM: silly message
  4731 | D:4      | Found a snail-covered altar of Cheibriados.
  4744 | D:4      | XOM: potion effect (haste)
  4745 | D:4      | XOM: summons friendly ufetubus
  4810 | D:4      | Reached skill level 9 in Long Blades
  4810 | D:4      | Reached XP level 8. HP: 73/73 MP: 3/3
  5017 | D:4      | XOM: harmless Divn miscast
  5069 | D:5      | Entered Level 5 of the Dungeon
  5080 | D:5      | XOM: enchant monster (good)
  5236 | D:5      | Found Moulliku's Antique Armour Emporium.
  5268 | D:5      | Bought a pair of runed gloves for 108 gold pieces
  5450 | D:5      | Noticed hornqvist's ghost (experienced GrFi)
  5467 | D:5      | XOM: summons friendly iron imp
  5487 | D:5      | Killed hornqvist's ghost
  5522 | D:5      | XOM: polymorph iron imp -> shadow imp
  5556 | D:5      | Reached skill level 10 in Long Blades
  5642 | D:5      | XOM: enchant monster (bad)
  5685 | D:5      | XOM: silly message
  6026 | D:6      | Gained mutation: Your flesh is heat resistant. [evolution]
  6026 | D:6      | Lost mutation: You evolve. [end of evolution]
  6038 | D:6      | Got a heavily runed iron ring
  6052 | D:6      | Identified the ring "Kloruyxt" {MR+ Str+2 Int-4 Dex+3 SInv} (You found it on level 6 of the Dungeon)
  6116 | D:6      | Found a staircase to the Ecumenical Temple.
  6161 | D:6      | Found Edghec's Magic Scroll Boutique.
  6168 | D:6      | Bought a scroll of identify for 24 gold pieces
  6168 | D:6      | Bought a scroll of enchant weapon for 90 gold pieces
  6168 | D:6      | Bought a scroll of teleportation for 36 gold pieces
  6168 | D:6      | Bought a scroll of remove curse for 36 gold pieces
  6178 | D:6      | XOM: mild Hex miscast
  6201 | D:6      | XOM: mild Erth miscast
  6318 | D:6      | Reached skill level 11 in Long Blades
  6391 | D:6      | Found Ocyarph's Distillery.
  6422 | D:6      | Bought a potion of mutation for 32 gold pieces
  6422 | D:6      | Gained mutation: You are partially covered in rough black scales (AC +4, Dex -1). [potion of mutation]
  6422 | D:6      | Gained mutation: You are resistant to hostile enchantments. [potion of mutation]
  6494 | D:6      | Found Feeplen's Book Boutique.
  6534 | D:6      | Found Peiser Tedei's Book Boutique.
  6565 | D:6      | XOM: give mutations
  6565 | D:6      | Gained mutation: You are weak. (Str -2) [Xom's mischief]
  6565 | D:6      | Gained mutation: Armour fits poorly on your strangely shaped body. [Xom's mischief]
  6860 | Temple   | Entered the Ecumenical Temple
  6940 | D:7      | XOM: confuse monster(s)
  7034 | D:7      | XOM: harmless Tloc miscast
  7169 | D:7      | XOM: summons 3 friendly demons
  7176 | D:7      | Reached XP level 9. HP: 79/79 MP: 4/4
  7185 | D:7      | Reached skill level 5 in Dodging
  7203 | D:7      | XOM: god gift: blowgun {god gift}
  7357 | D:7      | XOM: smoke on damage
  7402 | D:7      | Found a glowing silver altar of Zin.
  7505 | D:7      | XOM: god gift: 44 gold pieces
  7603 | D:7      | XOM: give mutations
  7603 | D:7      | Lost mutation: Armour fits poorly on your strangely shaped body. [Xom's mischief]
  7603 | D:7      | Gained mutation: You are agile. (Dex +2) [Xom's mischief]
  7603 | D:7      | Lost mutation: You are resistant to hostile enchantments. [Xom's mischief]
  7792 | D:8      | XOM: colour smoke trail
  7806 | D:8      | XOM: 1-stop teleportation journey
  7880 | D:8      | XOM: give mutations
  7880 | D:8      | Lost mutation: You are weak. (Str -2) [Xom's mischief]
  7880 | D:8      | Lost mutation: You can spit poison. [Xom's mischief]
  7889 | D:8      | XOM: summons 4 hostile demons
  7890 | D:8      | Noticed an orange demon
  7890 | D:8      | Noticed an ice devil
  7939 | D:8      | Found Thrutuod's Demolitions Depot.
  8082 | D:8      | XOM: severe Trmt miscast
  8115 | D:8      | Lost mutation: You have large cloven feet. [mutagenic glow]
  8215 | D:8      | Gained mutation: You are weak. (Str -2) [mutagenic glow]
  8295 | D:8      | XOM: harmless Necr miscast
  8373 | D:8      | XOM: colour smoke trail
  8451 | D:8      | XOM: mild Conj miscast
  8612 | D:8      | Found a deep blue altar of Sif Muna.
  8613 | D:8      | Found a sacrificial altar of Ru.
  8622 | D:8      | XOM: divination: detect creatures
  8802 | D:8      | Found a bloodstained altar of Trog.
  8830 | D:8      | Found a sparkling altar of Nemelex Xobeh.
  8964 | D:8      | XOM: vitrification
  9053 | D:8      | XOM: god gift: lamp of fire
  9234 | D:9      | XOM: confusion
  9266 | D:9      | XOM: 1-stop teleportation journey
  9355 | D:9      | XOM: summons 4 hostile demons
  9356 | D:9      | Noticed a soul eater
  9425 | D:9      | Found a staircase to the Orcish Mines.
  9440 | D:9      | Reached skill level 10 in Armour
  9456 | D:9      | Reached XP level 10. HP: 66/86 MP: 4/4
  9461 | D:9      | XOM: enchant monster (bad)
  9668 | D:9      | XOM: 4-stop teleportation journey
  9671 | D:9      | XOM: confusion (+ monsters)
  9802 | D:9      | XOM: medium Pois miscast
 10062 | D:9      | XOM: summons 4 hostile shadow creatures
 10063 | D:9      | Noticed an unseen horror
 10212 | D:9      | XOM: medium Hex miscast
 10293 | D:9      | XOM: harmless Trmt miscast
 10294 | D:9      | XOM: torment (49/86 hp)
 10410 | D:10     | Entered Level 10 of the Dungeon
 10535 | D:10     | Reached skill level 12 in Armour
 10748 | D:10     | XOM: chaos cloud
 10820 | D:10     | XOM: confuse monster(s)
 10882 | D:10     | Reached skill level 13 in Armour
 10910 | D:10     | XOM: god gift: scroll labeled BLYRANK ALEPS
 10956 | D:10     | XOM: destruction
 10958 | D:10     | XOM: 3-stop teleportation journey
 10959 | D:10     | Noticed a cyan ugly thing
 10959 | D:10     | XOM: swap monsters
 10961 | D:10     | XOM: confuse monster(s)
 10963 | D:10     | Noticed an alligator
 10963 | D:10     | a cyan ugly thing changed into an alligator
 10963 | D:10     | XOM: polymorph cyan ugly thing -> alligator
 10968 | D:10     | XOM: confuse monster(s)
 10970 | D:10     | XOM: summons 3 friendly demons
 10982 | D:10     | Killed an alligator
 11156 | D:10     | XOM: scenery: create altars
 11345 | D:10     | Reached skill level 14 in Armour
 11427 | D:10     | XOM: give mutations
 11427 | D:10     | Gained mutation: You are partially covered in slimy green scales (AC +2). [Xom's grace]
 11427 | D:10     | Gained mutation: Your natural rate of healing is unusually fast. [Xom's grace]
 11526 | D:10     | XOM: summons 8 friendly demons
 11732 | D:11     | Reached skill level 1 in Throwing
 11734 | D:11     | Reached XP level 11. HP: 92/92 MP: 4/4
 11760 | D:11     | Found a staircase to the Lair.
 11775 | D:11     | XOM: god gift: chain mail {god gift}
 11796 | D:11     | XOM: 2-stop teleportation journey
 11842 | D:11     | Found a shadowy altar of Dithmenos.
 11982 | D:11     | Noticed a hill giant
 11992 | D:11     | Killed a hill giant
 12044 | D:11     | Noticed an unseen horror
 12063 | D:11     | Killed an unseen horror
 12063 | D:11     | XOM: divine lightning (protected)
 12097 | D:11     | XOM: god gift: hardcover book {god gift}
 12279 | D:11     | XOM: noise
 12299 | D:11     | XOM: vitrification
 12700 | D:11     | XOM: vitrification
 13063 | D:11     | XOM: summons friendly iron imp
 13165 | D:11     | Noticed a hill giant
 13172 | D:11     | XOM: fog
 13178 | D:11     | Killed a hill giant
 13181 | D:11     | XOM: summons 3 hostile shadow creatures
 13182 | D:11     | Noticed a hill giant
 13199 | D:11     | XOM: harmless Erth miscast
 13200 | D:11     | XOM: noise
 13249 | D:11     | Noticed a hill giant
 13251 | D:11     | XOM: confuse monster(s)
 13266 | D:11     | Killed a hill giant
 13291 | D:11     | XOM: harmless Air miscast
 13324 | D:11     | XOM: vitrification
 13384 | Lair:1   | Entered Level 1 of the Lair of Beasts
 13432 | Lair:1   | XOM: scenery: create altars
 13527 | Lair:1   | Noticed Nergalle
 13546 | Lair:1   | Killed Nergalle
 13607 | Lair:1   | XOM: divine lightning
 13712 | Lair:1   | Noticed a four-headed hydra
 13747 | Lair:1   | XOM: cast spell 'Stoneskin'
 13763 | Lair:1   | Killed a four-headed hydra
 14006 | Lair:1   | XOM: 2-stop teleportation journey
 14038 | Lair:1   | XOM: god gift: wand of magic darts {god gift}
 14050 | Lair:1   | XOM: medium Air miscast
 14168 | Lair:1   | You fall through a shaft!
 14183 | Lair:2   | XOM: colour smoke trail
 14454 | Lair:1   | Reached skill level 15 in Long Blades
 14584 | Lair:1   | XOM: mild Chrm miscast
 14619 | Lair:1   | Reached XP level 12. HP: 95/100 MP: 5/5
 14676 | Lair:1   | XOM: polymorph brain worm -> wasp
 14750 | Lair:1   | XOM: enchant monster (bad)
 15014 | Lair:2   | Noticed Erica
 15017 | Lair:2   | XOM: confuse monster(s)
 15023 | Lair:2   | XOM: summons 2 friendly demons
 15032 | Lair:2   | Killed Erica
 15284 | Lair:2   | XOM: god gift: engraved book {god gift}
 15285 | Lair:2   | Identified Xom's Catalogue of Listlessness (Xom gifted it to you on level 2 of the Lair of Beasts)
 15353 | Lair:2   | XOM: fake destruction
 15444 | Lair:2   | Noticed a five-headed hydra
 15450 | Lair:2   | Killed a two-headed hydra
 15459 | Lair:2   | XOM: give mutation
 15459 | Lair:2   | Gained mutation: Your mind is acute. (Int +2) [Xom's mischief]
 15673 | Lair:2   | XOM: vitrification
 15743 | Lair:2   | XOM: 7-stop teleportation journey
 15784 | Lair:2   | XOM: polymorph blink frog -> wyvern
 15798 | Lair:2   | XOM: summons friendly white imp
 15798 | Lair:2   | XOM: smoke on damage
 15804 | Lair:2   | Reached skill level 10 in Fighting
 15816 | Lair:2   | XOM: swap monsters
 15818 | Lair:2   | XOM: confuse monster(s)
 15851 | Lair:3   | XOM: fog
 15866 | Lair:3   | XOM: enchant monster (good)
 15971 | Lair:3   | Found a hole to the Spider Nest.
 16143 | Lair:3   | XOM: vitrification
 16302 | Lair:3   | Reached skill level 16 in Long Blades
 16303 | Lair:3   | Found a staircase to the Swamp.
 16349 | Lair:3   | Noticed a five-headed hydra
 16355 | Lair:3   | Killed a one-headed hydra
 16631 | Lair:4   | Noticed hornqvist's ghost (powerful FoFi)
 16642 | Lair:4   | XOM: harmless Trmt miscast
 16666 | Lair:4   | Killed hornqvist's ghost
 16781 | Lair:4   | XOM: cast spell 'Excruciating Wounds'
 16863 | Lair:4   | Noticed jazmu's ghost (powerful DsBe)
 16889 | Lair:4   | XOM: silly message
 16909 | Lair:4   | XOM: 3-stop teleportation journey
 16999 | Lair:4   | Noticed Rupert
 17029 | Lair:3   | Killed Rupert
 17029 | Lair:3   | Reached skill level 17 in Long Blades
 17044 | Lair:3   | XOM: noise
 17207 | Lair:3   | Reached XP level 13. HP: 98/113 MP: 5/5
 17253 | Lair:3   | XOM: swap monsters
 17254 | Lair:3   | XOM: confuse monster(s)
 17256 | Lair:3   | XOM: give mutations
 17256 | Lair:3   | Gained mutation: You passively map a small area around you. [Xom's grace]
 17256 | Lair:3   | Gained mutation: You have sharp fingernails. [Xom's grace]
 17256 | Lair:3   | Gained mutation: You have large cloven feet. [Xom's grace]
 17256 | Lair:3   | Gained mutation: You are very agile. (Dex +4) [Xom's grace]
 17302 | Lair:3   | XOM: confuse monster(s)
 17311 | Lair:3   | XOM: summons friendly shadow imp
 17429 | Lair:4   | XOM: summons friendly crimson imp
 17430 | Lair:4   | XOM: summons 2 friendly demons
 17437 | Lair:4   | Killed jazmu's ghost
 17457 | Lair:4   | XOM: confuse monster(s)
 17470 | Lair:4   | Reached skill level 18 in Long Blades
 17473 | Lair:4   | XOM: enchant monster (good)
 17693 | Lair:4   | Noticed a six-headed hydra
 17701 | Lair:4   | Killed a two-headed hydra
 17964 | Lair:4   | XOM: god gift: glowing battleaxe {god gift}
 18322 | Lair:5   | XOM: noise
 18328 | Lair:5   | XOM: harmless Tloc miscast
 18329 | Lair:5   | XOM: noise
 18379 | Lair:5   | XOM: harmless Tloc miscast
 18446 | Lair:5   | XOM is BORED!
 18446 | Lair:5   | XOM: 4-stop teleportation journey
 18468 | Lair:5   | XOM: torment (64/113 hp)
 18483 | Lair:5   | XOM: chaos cloud
 18568 | Lair:5   | XOM: divination: detect creatures
 18625 | Lair:5   | Reached skill level 15 in Armour
 18636 | Lair:5   | XOM: swap monsters
 18705 | Lair:5   | XOM: enchant monster (bad)
 18792 | Lair:5   | Got a faintly glowing rapier
 18796 | Lair:5   | Identified the +6 rapier "Sepudd" {elec, MP-9 Str+6} (You found it on level 5 of the Lair of Beasts)
 18820 | Lair:5   | XOM: summons 9 friendly demons
 18896 | Lair:5   | Noticed runewalsh's ghost (powerful OpIE)
 18909 | Lair:5   | Killed runewalsh's ghost
 19274 | Lair:6   | XOM: polymorph elephant -> moth of wrath
 19330 | Lair:6   | XOM: noise
 19418 | Lair:6   | XOM: god gift: scroll of enchant armour
 19581 | Lair:6   | XOM: swap monsters
 19585 | Lair:6   | XOM: fake destruction
 19646 | Lair:6   | XOM: noise
 19670 | Lair:6   | XOM: 2-stop teleportation journey
 19837 | Lair:6   | XOM: summons friendly white imp
 19838 | Lair:6   | XOM: summons friendly quasit
 20122 | Lair:6   | XOM: enchant monster (bad)
 20147 | Lair:6   | XOM: colour smoke trail
 20278 | Lair:7   | XOM: mild Fire miscast
 20330 | Lair:7   | XOM: silly message
 20345 | Lair:7   | XOM: potion effect (berserk rage)
 20508 | Lair:7   | XOM: divination: detect items
 20553 | Lair:7   | Noticed Fannar
 20555 | Lair:7   | XOM: cast spell 'Confusing Touch'
 20567 | Lair:7   | Killed Fannar
 20650 | Lair:7   | XOM: divination: detect items
 20686 | Lair:7   | Noticed hornqvist's ghost (powerful GrFi)
 20698 | Lair:7   | XOM: potion effect (berserk rage)
 20699 | Lair:7   | XOM: enchant monster (bad)
 20707 | Lair:7   | XOM: silly message
 20712 | Lair:7   | XOM: medium Fire miscast
 20725 | Lair:7   | XOM: medium Necr miscast
 20726 | Lair:7   | Killed hornqvist's ghost
 20822 | Lair:7   | Found a viscous altar of Jiyva.
 20822 | Lair:7   | Found a staircase to the Slime Pits.
 21116 | Lair:8   | Entered Level 8 of the Lair of Beasts
 21135 | Lair:8   | Reached XP level 14. HP: 113/121 MP: 1/5
 21179 | Lair:8   | XOM: 3-stop teleportation journey
 21181 | Lair:8   | XOM: enchant monster (good)
 21251 | Lair:8   | XOM: summons friendly quasit
 21265 | Lair:8   | XOM: enchant monster (good)
 21316 | Lair:8   | XOM: enchant monster (good)
 21386 | Lair:8   | XOM: summons friendly quasit
 21423 | Lair:8   | XOM: enchant monster (good)
 21426 | Lair:8   | XOM: summons friendly shadow imp
 21434 | Lair:8   | XOM: summons 12 friendly demons
 21455 | Lair:8   | XOM: smoke on damage
 21756 | Lair:8   | XOM: summons 14 friendly demons
 21766 | Lair:8   | Got a transparent ring mail
 21773 | Lair:8   | Got a sheer robe
 21801 | Lair:8   | Identified the +3 ring mail of the Republic {Str+3} (You found it on level 8 of the Lair of Beasts)
 21811 | Lair:8   | Identified the cursed -5 robe of the King of the Hill {rN+ MP+9} (You found it on level 8 of the Lair of Beasts)
 21853 | Lair:8   | Got a translucent scale mail
 21871 | Lair:8   | XOM: give mutations
 21871 | Lair:8   | Gained mutation: You passively map the area around you. [Xom's grace]
 21871 | Lair:8   | Gained mutation: You have supernaturally acute eyesight. [Xom's grace]
 21871 | Lair:8   | Gained mutation: Your flesh is very heat resistant. [Xom's grace]
 21871 | Lair:8   | Gained mutation: You have an increased reservoir of magic (+10% MP). [Xom's grace]
 22025 | Lair:8   | XOM: summons 8 friendly demons
 22117 | Lair:8   | Identified a scroll of acquirement
 22491 | Lair:6   | XOM: 1-stop teleportation journey
 22656 | Lair:1   | Identified the +0 scale mail of the Catfish {rPois+ rC+ MR- Dex+4 Slay+2} (You found it on level 8 of the Lair of Beasts)
 22785 | Orc:1    | Entered Level 1 of the Orcish Mines
 22818 | Orc:1    | Reached skill level 10 in Dodging
 22827 | Orc:1    | XOM: divination: detect items
 22839 | Orc:1    | XOM: give mutations
 22839 | Orc:1    | Lost mutation: Your mind is acute. (Int +2) [Xom's mischief]
 22839 | Orc:1    | Lost mutation: You have supernaturally acute eyesight. [Xom's mischief]
 22839 | Orc:1    | Lost mutation: You are weak. (Str -2) [Xom's mischief]
 22839 | Orc:1    | Lost mutation: You are very agile. (Dex +4) [Xom's mischief]
 22941 | Orc:1    | XOM: god gift: mace {god gift}
 23025 | Orc:1    | Noticed Snorg
 23027 | Orc:1    | XOM: summons 2 friendly demons
 23030 | Orc:1    | Killed Snorg
 23166 | Orc:1    | Found a deep blue altar of Sif Muna.
 23334 | Orc:2    | XOM: god gift: meat ration
 23371 | Orc:2    | Found Uxaduare's Food Emporium.
 23446 | Orc:2    | XOM: divination: detect items
 23550 | Orc:2    | XOM: god gift: scroll of fear
 23560 | Orc:2    | Found a roughly hewn altar of Beogh.
 23647 | Orc:2    | Found a roughly hewn altar of Beogh.
 23822 | Orc:3    | XOM is BORED!
 23822 | Orc:3    | XOM: mild Trmt miscast
 23944 | Orc:3    | Found a staircase to the Elven Halls.
 24149 | Orc:3    | XOM: harmless Tloc miscast
 24195 | Orc:3    | Noticed Nessos
 24207 | Orc:3    | Killed Nessos
 24244 | Orc:3    | XOM: colour smoke trail
 24422 | Orc:4    | Entered Level 4 of the Orcish Mines
 24454 | Orc:4    | Found a frozen archway.
 24491 | Orc:4    | Found Tedeazu's Antique Weapon Boutique.
 24519 | IceCv    | Entered an ice cave
 24577 | IceCv    | XOM: silly message
 24580 | IceCv    | XOM: polymorph ice beast -> black bear
 24631 | IceCv    | XOM: confusion (+ monsters)
 24722 | IceCv    | XOM: fog
 24728 | IceCv    | XOM: harmless Erth miscast
 24736 | IceCv    | XOM: swap monsters
 24743 | IceCv    | XOM: mild Conj miscast
 24792 | IceCv    | XOM: god gift: 28 gold pieces
 24895 | IceCv    | XOM: swap monsters
 25077 | Orc:4    | XOM: god gift: potion of curing
 25109 | Orc:4    | XOM: colour smoke trail
 25120 | Orc:4    | XOM: scenery: create altars
 25388 | Orc:4    | XOM: noise
 25415 | Orc:4    | Found Mota Gust's Antique Armour Boutique.
 25419 | Orc:4    | XOM: cast spell 'Metabolic Englaciation'
 25445 | Orc:4    | XOM: divination: detect creatures
 25448 | Orc:4    | XOM: harmless Ice miscast
 25449 | Orc:4    | XOM: potion effect (heal wounds)
 25458 | Orc:4    | Gained mutation: Your body is slowly deteriorating. [a neqoxec]
 25480 | Orc:4    | XOM: summons friendly crimson imp
 25492 | Orc:4    | XOM: potion effect (haste)
 25615 | Orc:4    | Found Icau's Distillery.
 25647 | Orc:4    | Found Keargh's Antique Armour Shoppe.
 25663 | Orc:4    | Found Pugeng's Gadget Boutique.
 25683 | Orc:4    | Bought a potion of heal wounds for 70 gold pieces
 25683 | Orc:4    | Bought a potion of heal wounds for 70 gold pieces
 25683 | Orc:4    | Bought a potion of curing for 42 gold pieces
 25683 | Orc:4    | Bought a potion of restore abilities for 70 gold pieces
 26105 | Lair:2   | XOM: harmless Chrm miscast
 26151 | Spider:1 | Entered Level 1 of the Spider Nest
 26243 | Spider:1 | XOM: divination: detect creatures
 26271 | Spider:1 | Noticed Sonja
 26341 | Spider:1 | XOM: summons friendly ufetubus
 26344 | Spider:1 | Reached skill level 5 in Throwing
 26345 | Spider:1 | XOM: divination: magic mapping
 26372 | Spider:1 | XOM: silly message
 26396 | Spider:1 | XOM: confuse monster(s)
 26444 | Spider:1 | XOM: cast spell 'Blink'
 26648 | Spider:1 | Cast into the Abyss (Sonja)
 26716 | Abyss:1  | Paralysed by accursed screaming for 1 turns
 26732 | Abyss:1  | Noticed a Hell Sentinel
 26737 | Abyss:1  | XOM: potion effect (curing)
 26753 | Abyss:1  | XOM: confuse monster(s)
 26805 | Abyss:1  | XOM: vitrification
 26872 | Abyss:1  | Reached XP level 15. HP: 88/126 MP: 6/6
 26912 | Abyss:1  | Noticed a tentacled starspawn
 26919 | Abyss:1  | Killed a tentacled starspawn
 26923 | Abyss:1  | XOM: potion effect (invisibility)
 27007 | Abyss:1  | XOM: confusion
 27031 | Abyss:1  | XOM: summons 5 hostile demons
 27046 | Abyss:1  | XOM: medium Conj miscast
 27079 | Abyss:1  | XOM: chaos cloud
 27080 | Abyss:1  | XOM: noise
 27104 | Abyss:1  | Noticed a profane servitor
 27110 | Abyss:1  | XOM: repel stairs
 27175 | Abyss:1  | XOM: mild Chrm miscast
 27208 | Abyss:1  | Noticed a lich
 27211 | Abyss:1  | Noticed a bone dragon
 27213 | Abyss:1  | XOM: swap monsters
 27219 | Abyss:1  | XOM: divination: detect items
 27355 | Abyss:1  | XOM: summons friendly shadow imp
 27396 | Abyss:1  | XOM: noise
 27406 | Abyss:1  | XOM: confusion (+ monsters)
 27414 | Abyss:1  | Found a corrupted altar of Lugonu.
 27624 | Abyss:1  | Noticed a tentacled starspawn
 27697 | Abyss:1  | XOM: confusion (+ monsters)
 27786 | Abyss:1  | XOM: mild Trmt miscast
 27831 | Abyss:1  | XOM: chaos cloud
 27843 | Abyss:1  | XOM: enchant monster (bad)
 27948 | Abyss:1  | XOM: summons 2 friendly demons
 28004 | Abyss:1  | Lost intelligence.
 28015 | Abyss:1  | Found a snail-covered altar of Cheibriados.
 28043 | Abyss:1  | XOM: silly message
 28056 | Abyss:1  | XOM: give mutations
 28056 | Abyss:1  | Lost mutation: You have an increased reservoir of magic (+10% MP). [Xom's mischief]
 28056 | Abyss:1  | Gained mutation: You are weak. (Str -2) [Xom's mischief]
 28056 | Abyss:1  | Lost mutation: You are agile. (Dex +2) [Xom's mischief]
 28056 | Abyss:1  | Gained mutation: Your magical capacity is low (-10% MP). [a neqoxec]
 28058 | Abyss:1  | XOM: noise
 28069 | Abyss:1  | XOM: blink monster(s)
 28125 | Abyss:1  | XOM: noise
 28153 | Abyss:1  | XOM: harmless Hex miscast
 28245 | Abyss:1  | XOM: swap monsters
 28246 | Abyss:1  | Noticed a bone dragon
 28262 | Abyss:1  | XOM: mild Ice miscast
 28268 | Abyss:1  | XOM: summons 4 friendly demons
 28372 | Abyss:1  | Noticed a profane servitor
 28379 | Abyss:1  | XOM: summons friendly ufetubus
 28382 | Abyss:1  | Noticed a tentacled starspawn
 28389 | Abyss:1  | Killed a profane servitor
 28389 | Abyss:1  | XOM: divine lightning (protected)
 28391 | Abyss:1  | Killed a tentacled starspawn
 28495 | Abyss:1  | Noticed a tentacled starspawn
 28501 | Abyss:1  | XOM: swap monsters
 28508 | Abyss:1  | Killed a tentacled starspawn
 28511 | Abyss:1  | Noticed a tentacled starspawn
 28524 | Abyss:1  | Killed a tentacled starspawn
 28561 | Abyss:1  | Lost mutation: Your natural rate of healing is unusually fast. [mutagenic meat]
 28599 | Abyss:1  | XOM: summons friendly iron imp
 28630 | Abyss:1  | XOM: stat loss: -1 Dex (16/17)
 28748 | Abyss:1  | XOM: give mutations
 28748 | Abyss:1  | Gained mutation: Scrolls take you a little longer to read. [Xom's mischief]
 28748 | Abyss:1  | Lost mutation: Your body is slowly deteriorating. [Xom's mischief]
 28748 | Abyss:1  | Lost mutation: You are partially covered in slimy green scales (AC +2). [Xom's mischief]
 28771 | Abyss:1  | XOM: divination: detect creatures
 28772 | Abyss:1  | XOM: divination: magic mapping
 28783 | Abyss:1  | XOM: divination: detect items
 28793 | Abyss:1  | XOM: swap monsters
 28804 | Abyss:1  | XOM: summons 3 friendly demons
 28807 | Abyss:1  | Noticed a profane servitor
 28816 | Abyss:1  | Found a corrupted altar of Lugonu.
 28894 | Spider:1 | Escaped the Abyss
 28897 | Spider:1 | Killed Sonja
 29352 | Lair:1   | XOM: cast spell 'Ice Form'
 29434 | Spider:2 | Noticed Arachne
 29441 | Spider:2 | XOM: summons friendly white imp
 29442 | Spider:2 | XOM: confuse monster(s)
 29455 | Spider:2 | Killed Arachne
 29692 | Spider:2 | Reached XP level 16. HP: 142/147 MP: 5/5
 29768 | Spider:2 | XOM: mild Pois miscast
 29792 | Spider:2 | XOM: divination: magic mapping
 29983 | Spider:2 | Reached skill level 15 in Fighting
 29996 | Spider:2 | XOM: potion effect (berserk rage)
 30151 | Spider:2 | XOM: potion effect (brilliance)
 30218 | Spider:2 | XOM: silly message
 30481 | Spider:2 | XOM: divination: detect creatures
 30886 | Spider:3 | XOM: divination: detect creatures
 31024 | Spider:3 | XOM: silly message
 31042 | Spider:3 | XOM: potion effect (invisibility)
 31044 | Spider:3 | XOM: potion effect (berserk rage)
 31050 | Spider:3 | XOM: mild Chrm miscast
 31179 | Spider:3 | XOM: summons friendly crimson imp
 31326 | Spider:3 | XOM: god gift: crooked smoking rod {god gift}
 31331 | Spider:3 | Identified a +2 rod of inaccuracy (11/11) (Xom gifted it to you on level 3 of the Spider Nest)
 31437 | Spider:4 | XOM: confuse monster(s)
 31563 | Spider:4 | XOM: summons 2 friendly demons
 31579 | Spider:4 | XOM: fake destruction
 31583 | Spider:4 | XOM: smoke on damage
 31590 | Spider:4 | XOM: summons 9 friendly demons
 31712 | Spider:2 | XOM: vitrification
 31899 | Lair:3   | XOM: vitrification
 32080 | Spider:4 | XOM: mild Hex miscast
 32211 | Spider:4 | XOM: medium Summ miscast
 32299 | Spider:4 | Reached skill level 15 in Dodging
 32643 | Spider:5 | Entered Level 5 of the Spider Nest
 32691 | Spider:5 | XOM: noise
 32705 | Spider:5 | XOM: harmless Tloc miscast
 32797 | Spider:5 | XOM: medium Air miscast
 32822 | Spider:5 | XOM: 1-stop teleportation journey
 32825 | Spider:5 | XOM: give mutations
 32825 | Spider:5 | Lost mutation: Your flesh is very heat resistant. [Xom's mischief]
 32825 | Spider:5 | Lost mutation: You are weak. (Str -2) [Xom's mischief]
 32969 | Spider:5 | XOM: stat loss: -1 Dex (16/17)
 32976 | Spider:5 | XOM: noise
 32987 | Spider:5 | XOM: chaos cloud
 33003 | Spider:5 | XOM: enchant monster (bad)
 33111 | Spider:5 | XOM: enchant monster (good)
 33151 | Spider:5 | XOM: cast spell 'Summon Ice Beast'
 33152 | Spider:5 | XOM: noise
 33169 | Spider:5 | Reached skill level 5 in Evocations
 33258 | Spider:5 | XOM: polymorph tarantella -> yaktaur
 33265 | Spider:5 | XOM: polymorph wolf spider -> sea snake
 33363 | Spider:5 | XOM: potion effect (brilliance)
 33408 | Spider:5 | Reached XP level 17. HP: 151/156 MP: 18/18
 33463 | Spider:5 | XOM: give mutation
 33463 | Spider:5 | Gained mutation: You are resistant to electric shocks. [Xom's grace]
 33774 | Spider:5 | XOM: fog
 33932 | Spider:5 | XOM: cast spell 'Summon Horrible Things'
 33988 | Spider:5 | XOM: swap monsters
 34013 | Spider:5 | HP: 8/234 [emperor scorpion (15)]
 34016 | Spider:5 | Slain by an emperor scorpion

Action                   |  1- 3 |  4- 6 |  7- 9 | 10-12 | 13-15 | 16-18 || total
-------------------------+-------+-------+-------+-------+-------+-------++-------
Melee: Falchion          |    61 |   199 |   521 |   724 |       |       ||  1505
       Spear             |       |    12 |     8 |       |       |       ||    20
       Whip              |       |     1 |       |       |       |       ||     1
       Scimitar          |       |       |       |   248 |   676 |       ||   924
       Triple sword      |       |       |       |       |   850 |   508 ||  1358
 Fire: Blowgun           |       |       |       |    42 |     8 |    27 ||    77
Throw: Tomahawk          |       |       |       |    28 |    26 |    21 ||    75
       Throwing net      |       |       |       |     1 |       |       ||     1
Evoke: Wand              |       |       |     5 |     4 |     6 |     1 ||    16
       Lamp of fire (ine |       |       |     1 |       |     3 |     1 ||     5
  Use: Potion            |       |     1 |     3 |     2 |    20 |     4 ||    30
       Scroll            |       |     5 |    13 |    17 |    22 |     5 ||    62
 Stab: Petrifying        |       |     1 |     5 |     3 |       |       ||     9
       Paralysed         |       |     1 |    10 |    14 |     4 |       ||    29
       Confused          |       |       |     2 |    14 |     7 |       ||    23
       Distracted        |       |       |     1 |     1 |     8 |       ||    10
       Petrified         |       |       |     2 |       |       |       ||     2
       Invisible         |       |       |       |       |     1 |     3 ||     4
  Eat: Chunk             |       |     8 |    20 |    18 |    28 |    22 ||    96
       Pizza             |       |       |     1 |     1 |     2 |       ||     4
       Meat ration       |       |       |       |     1 |     2 |       ||     3
       Beef jerky        |       |       |       |     1 |       |       ||     1
       Fruit             |       |       |       |       |     3 |       ||     3
       Bread ration      |       |       |       |       |     1 |       ||     1
